 Dungeon Crawl Stone Soup version 0.28.0-53-g5a82cb258f (webtiles) character file.

Game seed: 10222158593396683396

14744 Zeld the Thaumaturge (level 11, -9/58 HPs)
             Began as a Deep Elf Fire Elementalist on May 22, 2022.
             Was a Priest of Vehumet.
             Mangled by a white ugly thing (24 damage)
             ... on level 12 of the Dungeon.
             The game lasted 00:15:31 (13837 turns).

Zeld the Thaumaturge (Deep Elf Fire Elementalist)  Turns: 13837, Time: 00:15:31

Health: -9/58      AC:  7    Str:  7    XL:     11   Next: 92%
Magic:  25/31      EV: 14    Int: 25    God:    Vehumet [***...]
Gold:   756        SH:  0    Dex: 15    Spells: 28/38 levels left

rFire   . . .      SeeInvis .   a - +4 dagger (freeze)
rCold   . . .      Faith    .   (no shield)
rNeg    . . .      Spirit   .   q - +1 robe {Archmagi}
rPois   .          Reflect  .   j - +0 helmet of Leapfrog {Will++ Regen+ Str+2}
rElec   .          Harm     .   y - +0 cloak
rCorr   +          Rampage  .   B - +0 pair of gloves
Will    +++..      Archmagi +   t - +0 pair of boots
Stlth   +++.......              c - amulet of magic regeneration
HPRegen 0.99/turn               z - ring of resist corrosion
MPRegen 0.62/turn               (no ring)

@: no status effects
A: no striking features
a: Renounce Religion


You were on level 12 of the Dungeon.
You worshipped Vehumet.
Vehumet was most pleased with you.
You visited 2 branches of the dungeon, and saw 14 of its levels.

You collected 756 gold pieces.

Inventory:

Hand Weapons
 a - a +4 dagger of freezing (weapon)
Armour
 j - the +0 helmet of Leapfrog (worn) {Will++ Regen+ Str+2}
   (You took it off Robin on level 2 of the Dungeon)

   Str:       It affects your strength (+2).
   Regen:     It increases your rate of health regeneration.
   Will:      It greatly increases your willpower.
 q - a +1 robe of the Archmagi (worn)
 t - a +0 pair of boots (worn)
 y - a +0 cloak (worn)
 B - a +0 pair of gloves (worn)
Jewellery
 c - an amulet of magic regeneration (around neck)
 w - a ring of flight
 z - a ring of resist corrosion (left hand)
Wands
 h - a wand of mindburst (9)
 k - a wand of flame (50)
 D - a wand of polymorph (7)
Scrolls
 d - 4 scrolls of identify
 m - a scroll of teleportation
 n - 3 scrolls of enchant armour
 o - 2 scrolls of amnesia
 p - 6 scrolls of blinking
 s - a scroll of immolation {unknown}
 v - a scroll of enchant weapon
 F - a scroll of fear
Potions
 b - 2 potions of haste {unknown}
 e - 4 potions of might
 f - 3 potions of heal wounds
 g - 2 potions of invisibility {unknown}
 i - a potion of resistance {unknown}
 l - 2 potions of cancellation {unknown}
 r - a potion of berserk rage {unknown}
 x - a potion of brilliance {unknown}
 A - 2 potions of mutation {unknown}
 C - 2 potions of curing


   Skills:
 + Level 2.4 Fighting
 + Level 4.4 Dodging
 + Level 4.8 Stealth
 - Level 14.0 Spellcasting
 + Level 9.7 Conjurations
 - Level 2.0 Hexes
 - Level 14.0 Fire Magic


You had 28 spell levels left.
You knew the following spells:

 Your Spells              Type           Power      Damage    Failure   Level
a - Foxfire               Conj/Fire      100%       2x1d9     1%          1
b - Scorch                Fire           100%       2d10      0%          2
c - Inner Flame           Hex/Fire       72%        N/A       1%          3
d - Flame Wave            Conj/Fire      86%        2d15      1%          4

Your spell library contained the following spells:

 Spells                   Type           Power      Damage    Failure   Level
 Dazzling Flash           Conj/Hex       100%       N/A       1%          3
 Sandblast                Erth           52%        2d12      1%          1
 Conjure Flame            Conj/Fire      86%        6-21      1%          3
 Stone Arrow              Conj/Erth      100%       3d13      1%          3
 Fulminant Prism          Conj/Hex       31%        3d16      1%          4
 Iskenderun's Mystic Bla  Conj/Tloc      58%        2d12      1%          4
 Blink                    Tloc           52%        N/A       4%          2
 Passwall                 Tmut/Erth      21%        N/A       4%          2
 Lee's Rapid Deconstruct  Erth           13%        3d10*     22%         5
 Manifold Assault         Tloc           26%        N/A       65%         5
 Storm Form               Tmut/Air       13%        N/A       100%        7


Dungeon Overview and Level Annotations

Branches:
Dungeon (13/15)            Temple (1/1) D:4            Lair (0/6) D:11
    Orc: D:9-12      Vaults: D:13-14

Altars:
Ashenzari
Cheibriados
Dithmenos
Elyvilon
Fedhas
Gozag
Hepliaklqana
Kikubaaqudgha
Makhleb
Nemelex Xobeh
Okawaru
Qazlal
Ru
Sif Muna
Trog
Uskayaw
Vehumet
Wu Jian
Xom
Yredelemnul
Zin
The Shining One
Jiyva

Annotations:
D:8 Maurice
D:10 2 transporters
D:11 3 runed translucent doors, croobank's ghost, journeyman DrFE
D:12 exclusions: fire elemental and 2 hell hounds


Message History

Found 24 stones.
A white ugly thing is nearby!
There is an open door here.
The white ugly thing gurgles horribly!
Casting: Flame Wave (safe; 1% risk of failure)
Confirm with . or Enter, or press ? or * to list all spells.
You feel a surge of power!
Flames lash the white ugly thing.
The white ugly thing is lightly wounded.
The white ugly thing's fire resistance burns away.
Casting: Scorch (safe; 0% risk of failure)
Confirm with . or Enter, or press ? or * to list all spells.
Casting: Flame Wave (safe; 1% risk of failure)
Press: ? - help, Dir - look around, f - activate You feel a surge of power!
A wave of flame ripples out!
The flame wave engulfs the white ugly thing!
The white ugly thing is burned terribly!
The white ugly thing is moderately wounded. (Press . to intensify the flame waves.)
You hear a shout! x17
The white ugly thing gores you! The white ugly thing freezes you!!
Ouch! That really hurt!
* * * LOW HITPOINT WARNING * * *
A wave of flame ripples out!
The flame wave engulfs the white ugly thing!!
The white ugly thing is burned terribly!
The white ugly thing is severely wounded.
You hear a shout! x4
The white ugly thing closely misses you.
You hear a shout!
Unknown command.
A wave of flame ripples out!
The flame wave engulfs the white ugly thing!!
The white ugly thing is burned terribly!
The white ugly thing is almost dead.
You finish channelling waves of flame.
You hear a shout!
You hear an angry buzzing noise.
The white ugly thing gores you.
* * * LOW HITPOINT WARNING * * *
The white ugly thing freezes you!!
You die...

#.......# ####.......##
#..'........#
#.##........#
#(##........#
#.##..!.....#
########.##........###
#..)......'...@.......
###.######.##...u.......
.<..# #.##.#'#'#..#.#
##..# ####.#.#.# .#
....# #.#.#.. # .#.##
#.#.#### .#.# '.#.# #.#
#.#.# ..#


You could see a white ugly thing (combustible).

Vanquished Creatures
  2 two-headed ogres
  A deep elf pyromancer (D:11)
  Pikel (D:9)
  2 cyclopes
  2 ugly things (D:12)
  2 gargoyles
  Psyche (D:10)
  A tengu conjurer (D:11)
  A troll (D:9)
  Grinder (D:6)
  A raiju (shapeshifter) (D:11)
  A centaur simulacrum (D:11)
  21 yaks
  A vampire (D:12)
  2 wraiths
  Eustachio (D:6)
  A wyvern (D:8)
  4 steam dragons
  7 vampire mosquitoes
  Menkaure (D:6)
  2 orc warriors (D:9)
  A black bear (D:6)
  3 ice beasts
  8 sky beasts
  3 centaurs
  3 necrophages
  A lemure (D:8)
  3 kobold brigands
  3 bullfrogs
  4 scorpions
  A wyvern skeleton (D:5)
  9 killer bees (D:8)
  5 wights (D:9)
  3 howler monkeys
  6 centaur zombies
  A jelly (D:6)
  2 hounds
  A centaur skeleton (D:5)
  An orc priest (D:10)
  A bullfrog skeleton (D:7)
  An iguana (D:5)
  Natasha (twice) (D:2)
  5 orc wizards
  Robin (D:2)
  A howler monkey skeleton (D:7)
  3 adders
  2 shadow imps
  An ufetubus (D:4)
  An adder skeleton (D:4)
  2 dart slugs
  11 orcs
  5 endoplasms
  2 giant cockroaches
  12 goblins
  5 hobgoblins
  7 jackals
  3 quokkas
  9 ball pythons
  5 bats
  2 frilled lizards (D:2)
  18 kobolds
  3 rats
216 creatures vanquished.

Vanquished Creatures (others)
  107 foxfires (D:1)
  2 plants (D:4)
109 creatures vanquished.

Grand Total: 325 creatures vanquished

Notes
Turn   | Place    | Note
-------+----------+-------------------------------------------
     0 | D:1      | Zeld the Deep Elf Fire Elementalist began the quest for the
                  | Orb.
     0 | D:1      | Reached XP level 1. HP: 10/10 MP: 6/6
   687 | D:1      | Reached XP level 2. HP: 15/15 MP: 5/8
   707 | D:1      | Learned a level 2 spell: Scorch
  1327 | D:2      | Noticed Natasha
  1334 | D:2      | Killed Natasha
  1335 | D:2      | Reached XP level 3. HP: 19/19 MP: 3/10
  1339 | D:2      | Learned a level 3 spell: Inner Flame
  1593 | D:2      | Found a faded altar of an unknown god.
  1829 | D:2      | Noticed Natasha
  1834 | D:2      | Killed Natasha
  1835 | D:2      | Reached XP level 4. HP: 15/24 MP: 7/12
  2164 | D:3      | Identified the +0 helmet of Leapfrog {Will++ Regen+ Str+2}
  2164 | D:3      | Noticed Robin
  2833 | D:2      | Killed Robin
  2834 | D:2      | Reached skill level 1 in Hexes
  3102 | D:3      | Found an ornate altar of the Wu Jian Council.
  3302 | D:3      | Reached skill level 5 in Spellcasting
  3302 | D:3      | Reached XP level 5. HP: 28/28 MP: 7/14
  3503 | D:3      | Noticed an ice beast
  3538 | D:3      | Killed an ice beast
  3666 | D:3      | Reached skill level 5 in Fire Magic
  3852 | D:4      | Found a staircase to the Ecumenical Temple.
  3862 | Temple   | Entered the Ecumenical Temple
  3896 | Temple   | Became a worshipper of Vehumet
  4301 | D:4      | Found an opulent altar of Gozag.
  4368 | D:4      | Noticed a necrophage
  4498 | D:4      | Killed a necrophage
  4499 | D:4      | Reached XP level 6. HP: 27/32 MP: 10/16
  4676 | D:4      | Found a stormy altar of Qazlal.
  4921 | D:5      | Entered Level 5 of the Dungeon
  5239 | D:5      | Noticed a sky beast
  5242 | D:5      | Killed a sky beast
  5243 | D:5      | Reached XP level 7. HP: 36/36 MP: 13/19
  5350 | D:5      | Reached * piety under Vehumet
  5350 | D:5      | Offered knowledge of Freeze by Vehumet.
  5414 | D:5      | Found a glowing silver altar of Zin.
  5414 | D:5      | Found a white marble altar of Elyvilon.
  5415 | D:5      | Found a glowing golden altar of the Shining One.
  5942 | D:6      | Reached XP level 8. HP: 41/41 MP: 18/22
  6113 | D:6      | Found the +2 cloak of the Thief {*Fog Slay-2 SInv Stlth+}
  6128 | D:6      | Noticed Eustachio
  6146 | D:6      | Noticed Menkaure
  6152 | D:6      | Killed Menkaure
  6153 | D:6      | Reached skill level 5 in Conjurations
  6158 | D:6      | Killed Eustachio
  6389 | D:6      | Noticed Grinder
  6401 | D:6      | Reached skill level 10 in Spellcasting
  6411 | D:6      | Killed Grinder
  6412 | D:6      | Reached XP level 9. HP: 45/45 MP: 20/25
  6472 | D:6      | Found a sparkling altar of Nemelex Xobeh.
  7419 | D:8      | Reached skill level 10 in Fire Magic
  7460 | D:8      | Noticed Maurice
  7531 | D:8      | Offered knowledge of Searing Ray by Vehumet.
  7985 | D:8      | Reached ** piety under Vehumet
  8345 | D:9      | Noticed Pikel
  8418 | D:8      | Reached XP level 10. HP: 27/50 MP: 23/28
  9316 | D:9      | Offered knowledge of Dazzling Flash by Vehumet.
  9464 | D:9      | Killed Pikel
  9755 | D:10     | Entered Level 10 of the Dungeon
 10054 | D:10     | Noticed a gargoyle
 10454 | D:10     | Killed a gargoyle
 10825 | D:10     | Reached XP level 11. HP: 31/54 MP: 17/31
 11038 | D:10     | Found an ancient bone altar of Kikubaaqudgha.
 11041 | D:10     | Noticed a death knight
 11044 | D:10     | Found a basalt altar of Yredelemnul.
 11063 | D:10     | Found a transporter.
 11074 | D:10     | Found a transporter.
 11727 | D:11     | Found a staircase to the Lair.
 11771 | D:11     | Noticed Psyche
 11941 | D:10     | Killed Psyche
 12072 | D:11     | Noticed a two-headed ogre
 12102 | D:11     | Reached *** piety under Vehumet
 12201 | D:11     | Noticed a deep elf pyromancer
 12204 | D:11     | Learned a level 4 spell: Flame Wave
 12214 | D:11     | Killed a deep elf pyromancer
 12215 | D:11     | Reached skill level 1 in Fighting
 12470 | D:11     | Killed a two-headed ogre
 12506 | D:11     | Found a runed translucent gate.
 12506 | D:11     | Found a runed translucent gate.
 12506 | D:11     | Found a runed translucent gate.
 12892 | D:11     | Noticed croobank's ghost (journeyman DrFE)
 12895 | D:11     | Found a viscous altar of Jiyva.
 12907 | D:12     | Noticed a white ugly thing
 12914 | D:12     | Killed a white ugly thing
 13019 | D:12     | Noticed a two-headed ogre
 13028 | D:12     | Killed a two-headed ogre
 13055 | D:12     | Noticed a white ugly thing
 13342 | D:12     | Noticed a white ugly thing
 13348 | D:12     | Killed a white ugly thing
 13757 | D:13     | Noticed a five-headed hydra
 13837 | D:12     | Mangled by a white ugly thing

Illustrated notes

Levels and vault maps discovered:
D:1:      dpeg_arrival_leaves_temple_mockup, layout_loops_corners
D:2:      layout_loops_corners, ebering_ecumenical_altar_sacrificial,
          uniq_natasha
D:3:      layout_basic, nicolae_wu_jian_immortal_techniques, st_stairs_6,
          minivault_14, uniq_robin
D:4:      layout_loops_ring, nicolae_qazlal_general_emergency,
          grunt_gozag_statues, minmay_temple_entry_drinking_statues,
          corexii_shack, kennysheep_generic_room_2
D:5:      layout_basic, good_gods_temple_1
D:6:      layout_cave_pools, lemuel_coloured_pillars_altar, uniq_menkaure,
          uniq_eustachio, uniq_grinder
D:7:      layout_cave_pools, hangedman_misty_isle
D:8:      layout_basic, nicolae_figureground_sparkle, uniq_maurice
D:9:      layout_roguey, nicolae_concentric_dashed_squares_wild, uniq_pikel
D:10:     layout_basic, gammafunk_temple_of_torment, st_stairs_10,
          corexii_leaking_fountain
D:11:     layout_irregular_city, lair_entry_dummy, gammafunk_ghost_ooze,
          glass_columns_b, roderic_roman_lattice, kb_rosetta, uniq_psyche
D:12:     layout_basic, kennysheep_orc_monster_closet_entryway,
          ebering_ghost_gozag, uniq_azrael
D:13:     layout_stronghold, erik_vaults_1, nicolae_trove_entry_diagonal,
          hangedman_glass_teeth
Temple:   oiseaux_autumnal_temple

Skill      XL: |  1  2  3  4  5  6  7  8  9 10 11 |
---------------+----------------------------------+-----
Spellcasting   | 4 5 6 8 10 12 14 | 14.0
Fire Magic     | 4 5 6 7 8 10 12 14 | 14.0
Conjurations   | 2 3 4 5 7 8 9 |  9.7
Hexes          | 1 2 |  2.0
Dodging        | 4 |  4.4
Stealth        | 4 |  4.8
Fighting       | 2 |  2.4

Action                   |  1- 3 |  4- 6 |  7- 9 | 10-12 || total
-------------------------+-------+-------+-------+-------++-------
Melee: Unarmed           |     1 |       |       |       ||     1
       Dagger            |     6 |    35 |     7 |     7 ||    55
       Punch             |       |     1 |       |       ||     1
 Cast: Foxfire           |    70 |       |       |       ||    70
       Scorch            |    15 |    65 |   149 |   234 ||   463
       Flame Wave        |       |       |       |     9 ||     9
       Inner Flame       |       |       |       |     2 ||     2
Evoke: Wand              |       |       |       |     4 ||     4
  Use: Potion            |       |       |     2 |     1 ||     3
       Scroll            |       |       |       |     9 ||     9
 Stab: Sleeping          |       |     1 |       |       ||     1
Armor: Robe              |     4 |    11 |    27 |    37 ||    79
Dodge: Dodged            |     9 |    35 |    62 |   140 ||   246
